 Dungeon Crawl Stone Soup version 0.20.0-4-g10b340a (webtiles) character file.

44 Peloso the Covered (level 3, 0/33 HPs)
             Began as a Minotaur Fighter on May 28, 2017.
             Slain by Sigmund
             ... wielding a +0 scythe
              (10 damage)
             ... on level 2 of the Dungeon.
             The game lasted 00:01:49 (1155 turns).

Peloso the Covered (Minotaur Fighter)               Turns: 1155, Time: 00:01:49

Health: 0/33       AC:  7    Str: 20    XL:     3   Next: 41%
Magic:  2/2        EV:  7    Int:  5    God:
Gold:   89         SH:  9    Dex: 10    Spells: 2/2 levels left

rFire    . . .     SeeInvis .   a - +0 long sword
rCold    . . .     Gourm    .   c - +0 shield
rNeg     . . .     Faith    .   b - +0 scale mail
rPois    .         Spirit   .   (helmet restricted)
rElec    .         Reflect  .   (no cloak)
rCorr    .         Harm     .   (no gloves)
MR       .....                  (no boots)
Stlth    ..........             (no amulet)
Regen    0.2/turn               (no ring)
MPRegen  0.1/turn               (no ring)

@: no status effects
A: retaliatory headbutt, horns 2
a: no special abilities


You were on level 2 of the Dungeon.
You were not hungry.

You visited 1 branch of the dungeon, and saw 2 of its levels.

You collected 89 gold pieces.

Inventory:

Hand Weapons
 a - a +0 long sword (weapon)
Armour
 b - a +0 scale mail (worn)
 c - a +0 shield (worn)
Scrolls
 e - 2 scrolls of identify {unknown}
 j - a scroll of enchant weapon {unknown}
 k - a scroll of magic mapping {unknown}
 p - a scroll of remove curse {unknown}
 q - a scroll of enchant armour {unknown}
Potions
 d - a potion of might
 h - a potion of curing {unknown}
 i - 2 potions of haste {unknown}
 l - a potion of mutation {unknown}
 m - a potion of ambrosia {unknown}
 n - a potion of lignification {unknown}
Comestibles
 f - 2 bread rations
 g - 2 meat rations


   Skills:
 + Level 3.9 Fighting
 + Level 3.0 Long Blades
 + Level 4.3 Armour
 + Level 0.4 Dodging
 + Level 4.2 Shields


You had 2 spell levels left.
You didn't know any spells.

Dungeon Overview and Level Annotations

Branches:
Dungeon (2/15)

Altars:
Ashenzari

Annotations:
D:2 Sigmund


Innate Abilities, Weirdness & Mutations

You reflexively headbutt those who attack you in melee.
You have a pair of horns on your head.


Message History

You block something's attack.
You see here a giant cockroach corpse.
You hit something. Something hits you but does no damage.
You miss something. You barely miss something. You headbutt something!
Something hits you!
You closely miss something. Something hits you but does no damage.
You closely miss something. Something hits you.
You closely miss something. Something hits you but does no damage.
You hit something but do no damage. Something hits you.
You closely miss something. Something hits you but does no damage.
You hit something.
You hear some strange, mumbled words.
A magic dart appears from out of thin air!
The magic dart hits you!
You closely miss something.
You hear some strange, mumbled words.
Something tries to affect you, but you resist.
Your shield and scale mail prevent you from hitting something.
Something hits you!
You die...

####################
#######..................)
#<......#####...##########
#############...##########
#...........'...'.....>.(.
##.##########...######.###
#.##########...######.###
#...(...@{K#...#........(
##########(#####......###
#.....(...#......#
#.....K...########
#......?..# #####
#...[.....# #....
#.........# #....
#.........# #....
#.........# #....


You could see a kobold.

Vanquished Creatures
  A worm (D:2)
  A dart slug (D:2)
  3 giant cockroaches
  3 goblins (D:1)
  5 hobgoblins
  4 jackals (D:2)
  3 kobolds (D:2)
  7 bats
  4 frilled lizards (D:2)
  7 rats
38 creatures vanquished.

Notes
Turn   | Place    | Note
-------+----------+-------------------------------------------
     0 | D:1      | Peloso the Minotaur Fighter began the quest for the Orb.
     0 | D:1      | Reached XP level 1. HP: 19/19 MP: 0/0
   178 | D:1      | Reached XP level 2. HP: 26/27 MP: 1/1
   391 | D:1      | You fall through a shaft!
   456 | D:2      | Found a shattered altar of Ashenzari.
   460 | D:2      | Saw a vision of the Shoals and the Spider Nest.
   460 | D:2      | Noticed a merfolk
   460 | D:2      | Noticed a merfolk
   460 | D:2      | Noticed a sea snake
   460 | D:2      | Noticed a merfolk
   460 | D:2      | Noticed a hippogriff
   460 | D:2      | Noticed a merfolk
   460 | D:2      | Noticed a wolf spider
   460 | D:2      | Noticed a scorpion
   460 | D:2      | Noticed a scorpion
   460 | D:2      | Noticed a redback
   460 | D:2      | Noticed a wolf spider
   461 | D:2      | Noticed a wolf spider
   461 | D:2      | Noticed a scorpion
   461 | D:2      | Noticed a scorpion
   942 | D:2      | Reached XP level 3. HP: 33/33 MP: 2/2
  1130 | D:2      | Noticed Sigmund
  1155 | D:2      | Slain by Sigmund

Skill      XL: |  1  2  3 |
---------------+----------+-----
Armour         | 4 |  4.3
Shields        | 4 |  4.2
Long Blades    | 3 |  3.0
Fighting       | |  3.9
Dodging        | |  0.4

Action                   || total
-------------------------++-------
Melee: Long sword        ||    87
       Headbutt          ||    12
  Eat: Chunk             ||     1
Armor: Scale mail        ||    43
Dodge: Dodged            ||    26
Block: Shield            ||    47
       Rpst.: Long sword ||     9
